Map: Echo LE (Void)

Players

Elazer

  • Race: Zerg Zerg
  • Spawn Location: 11:00

MajOr (SpeCial) - Winner!

  • Race: Terran Terran
  • Spawn Location: 5:00

Event: WESG 2016 Finals

VOD

Have the link to the VOD?

Description

Time

  • Played on: Jan. 13, 2017, 4:28 a.m.
  • Length: 18:14

All games in this series

Show
View Real Time Build Order
Export as new Build Order

Elazer Zerg 

Build Orders: Hatch First, Muta Ling Bane 

Get SALT Encoding   

  12  0:00  Drone  
  13  0:11  Overlord  
  13  0:16  Drone  
  14  0:30  Drone x2  
  14  0:33  Drone  
  17  0:51  Hatchery  
  17  0:53  Drone  
  17  0:56  Drone  
  18  1:07  Extractor  
  17  1:11  Spawning Pool  
  17  1:14  Drone  
  17  1:17  Drone  
  18  1:27  Drone  
  19  1:37  Overlord  
  19  1:58  Queen, Zergling x2  
  19  1:59  Zergling x2  
  23  2:02  Queen  
  23  2:03  Drone  
  23  2:07  Metabolic Boost  
  26  2:16  Drone  
  26  2:17  Drone  
  28  2:31  Hatchery  
  28  2:32  Drone  
  28  2:36  Drone  
  28  2:43  Queen  
  30  2:46  Overlord  
  30  2:50  Drone x2  
  32  2:53  Drone  
  32  2:57  Overlord  
  33  3:06  Drone  
  33  3:11  Drone  
  35  3:17  Drone x4  
  35  3:18  Drone  
  35  3:19  Queen  
  42  3:23  Overlord  
  42  3:25  Drone  
  43  3:42  Zergling x8  
  43  3:45  Drone x5  
  52  3:53  Overlord  
  52  3:54  Drone x2  
  54  3:57  Queen  
  54  4:01  Zergling x2, Extractor  
  54  4:02  Spore Crawler  
  55  4:05  Drone x2  
  55  4:08  Overlord  
  57  4:18  Drone x4  
  57  4:20  Drone  
  62  4:24  Evolution Chamber x2  
  62  4:25  Drone x2  
  62  4:28  Zergling x2  
  62  4:29  Overlord  
  62  4:31  Drone x2  
  65  4:32  Drone x2  
  65  4:37  Queen  
  69  4:39  Drone x2  
  69  4:43  Drone  
  72  4:46  Drone x2  
  72  4:48  Extractor  
  72  4:50  Zerg Ground Armor Level 1, Zerg Melee Weapons Level 1  
  72  4:52  Drone x2  
  75  4:53  Drone  
  75  4:54  Drone  
  75  4:57  Overlord  
  77  5:01  Drone x2  
  77  5:02  Drone  
  77  5:06  Lair  
  80  5:12  Hatchery  
  79  5:16  Baneling Nest, Queen  
  79  5:21  Drone x3, Extractor  
  82  5:24  Zergling x6  
  82  5:39  Zergling x10  
  86  5:44  Zergling x8  
  89  5:51  Overlord  
  89  5:52  Zergling x2  
  89  5:53  Overlord x2  
  90  5:57  Hatchery  
  90  5:59  Spore Crawler  
  88  6:04  Centrifical Hooks  
  88  6:05  Baneling  
  88  6:06  Baneling x3, Overseer  
  88  6:07  Drone  
  88  6:08  Spore Crawler, Zergling x2  
  88  6:09  Zergling x2  
  88  6:10  Overlord, Zergling x2  
  88  6:11  Zergling x8  
  95  6:19  Zergling x2  
  95  6:20  Zergling x4  
  95  6:23  Queen  
  99  6:27  Baneling x2  
  99  6:28  Baneling, Zergling x16  
  107  6:33  Overlord  
  100  6:47  Zerg Ground Armor Level 2, Zerg Melee Weapons Level 2  
  100  6:51  Overlord  
  100  6:53  Drone x2, Spire  
  98  6:54  Drone  
  98  6:56  Drone x3, Extractor x2  
  98  6:57  Drone x3  
  98  6:59  Queen  
  98  7:01  Zergling x6  
  106  7:04  Baneling  
  106  7:05  Baneling x2  
  106  7:10  Overlord  
  106  7:12  Drone x3  
  106  7:13  Drone x2  
  111  7:23  Zergling x2  
  111  7:24  Zergling x10  
  118  7:30  Zergling x22  
  125  7:41  Zergling x14  
  121  7:48  Zergling x12  
  121  7:49  Baneling  
  121  7:50  Baneling x4  
  127  7:52  Zergling x10  
  127  7:56  Baneling x4  
  127  7:58  Baneling  
  131  7:59  Zergling x6  
  131  8:03  Zergling x4  
  131  8:04  Baneling x4  
  121  8:21  Mutalisk x9  
  121  8:26  Zergling x14  
  145  8:28  Zergling x2  
  146  8:35  Zerg Flyer Weapons Level 1, Pneumatized Carapace  
  146  8:40  Overseer  
  146  8:42  Mutalisk  
  146  8:44  Overlord x2  
  146  8:45  Drone x3  
  146  8:46  Zergling x4  
  152  8:51  Zergling x8  
  152  8:52  Zergling x2  
  157  9:00  Overlord  
  157  9:03  Mutalisk x3  
  157  9:08  Zergling x2  
  157  9:09  Zergling x14  
  171  9:13  Zergling x6  
  148  9:26  Mutalisk x4  
  148  9:29  Zergling x20  
  148  9:30  Zergling x2  
  155  9:42  Mutalisk x2  
  155  9:45  Zergling x18  
  160  9:51  Drone x5  
  168  9:56  Baneling x7  
  167  10:02  Baneling x4, Mutalisk  
  166  10:07  Zergling x10  
  171  10:16  Zergling x16  
  179  10:32  Drone  
  179  10:33  Infestation Pit  
  179  10:34  Mutalisk x2  
  180  10:37  Zergling x2  
  177  10:48  Overlord  
  166  10:50  Drone x2  
  166  10:52  Zergling x20  
  168  11:02  Zergling x14  
  168  11:03  Zergling x2  
  161  11:10  Mutalisk x3  
  147  11:13  Zergling x4  
  149  11:20  Baneling x8  
  149  11:21  Zergling x6  
  149  11:22  Baneling x2  
  152  11:28  Zergling x6  
  152  11:30  Hive  
  152  11:32  Drone x2  
  157  11:39  Zergling x6  
  160  11:42  Zerg Flyer Weapons Level 2  
  160  11:45  Zergling x8  
  160  11:46  Hatchery  
  163  11:48  Zergling x2  
  163  11:49  Zergling x10  
  163  11:50  Baneling  
  163  11:51  Baneling x2  
  167  11:55  Zergling x16  
  175  12:04  Zergling x2  
  175  12:05  Zergling x12  
  175  12:06  Overlord  
  180  12:17  Baneling x4  
  180  12:21  Zergling x14  
  185  12:34  Mutalisk x6  
  197  12:38  Extractor  
  197  12:39  Spore Crawler  
  195  12:46  Extractor  
  195  12:49  Adrenal Glands  
  194  12:51  Zerg Melee Weapons Level 3  
  194  12:56  Extractor  
  193  13:05  Ultralisk Cavern  
  188  13:27  Zerg Ground Armor Level 3  
  188  13:35  Drone  
  188  13:36  Drone x5  
  183  13:43  Zergling x12  
  183  13:44  Zergling x26  
  183  13:48  Baneling x7  
  191  14:02  Zergling x14  
  175  14:03  Zergling x10  
  158  14:17  Chitinous Plating  
  158  14:20  Zerg Flyer Armor Level 1  
  158  14:26  Hatchery  
  157  14:32  Ultralisk  
  163  14:39  Drone x3  
  163  14:40  Drone x3  
  163  14:41  Drone  
  153  15:10  Ultralisk x2  
  154  15:19  Ultralisk  
  154  15:20  Corruptor x2  
  164  15:30  Corruptor x2  
  168  15:39  Corruptor x2  
  171  15:46  Infestor x2  
  171  15:48  Infestor  
  176  15:54  Corruptor  
  178  16:03  Drone x2  
  178  16:04  Drone x2  
  181  16:26  Ultralisk  
  136  16:40  Hatchery  
  136  16:44  Ultralisk x2  
  136  16:46  Drone x3  
  150  16:52  Drone  
  150  16:53  Ultralisk  
  157  16:56  Ultralisk  
  163  17:02  Burrow  
  163  17:04  Infestor x2  
  151  17:31  Hatchery  
  136  17:39  Zergling x22  
  141  17:44  Zergling x10  
  141  17:45  Zergling x4  
Show
View Real Time Build Order
Export as new Build Order

MajOr Terran - Winner!

Build Orders: Reaper Expand, MMM Bio 

Get SALT Encoding   

  12  0:00  SCV  
  13  0:13  SCV  
  14  0:17  Supply Depot  
  14  0:25  SCV  
  15  0:39  SCV  
  15  0:41  Barracks  
  16  0:45  Refinery  
  16  0:51  SCV  
  17  1:03  SCV  
  18  1:15  SCV  
  19  1:28  Orbital Command  
  19  1:29  Reaper  
  20  1:40  Command Center  
  20  1:54  SCV  
  21  1:59  Supply Depot  
  21  2:01  Marine  
  22  2:05  Factory  
  22  2:06  SCV  
  23  2:20  SCV  
  24  2:23  Barracks Reactor  
  24  2:32  SCV  
  25  2:44  Command Center  
  25  2:53  SCV  
  25  2:54  Orbital Command  
  26  3:05  Hellion x2, SCV  
  31  3:12  Barracks Tech Lab  
  31  3:17  SCV  
  32  3:23  SCV  
  32  3:26  Hellion  
  32  3:27  Hellion  
  37  3:29  SCV  
  37  3:30  Marine  
  37  3:31  Stimpack  
  37  3:33  Refinery  
  38  3:43  SCV  
  38  3:44  SCV  
  38  3:48  Marine  
  40  3:54  Barracks  
  40  3:55  Barracks  
  41  3:56  SCV x2  
  41  3:58  Factory Reactor, Orbital Command  
  43  4:06  Marine  
  43  4:08  SCV x2  
  46  4:20  SCV x2, Engineering Bay  
  46  4:21  Engineering Bay  
  46  4:24  Marine  
  49  4:27  SCV  
  50  4:32  SCV x2  
  52  4:40  SCV  
  52  4:41  Marine  
  52  4:43  Marine x2, Factory Reactor, Starport  
  52  4:44  SCV x2, Supply Depot  
  58  4:49  Terran Infantry Weapons Level 1  
  58  4:51  Marine  
  58  4:52  Marine  
  58  4:53  Refinery  
  58  4:54  Refinery, SCV  
  58  4:57  SCV  
  58  4:58  SCV  
  61  5:06  Marine x2, SCV, Supply Depot, Terran Infantry Armor Level 1  
  64  5:11  SCV x2  
  64  5:12  Marine  
  64  5:13  Marine x2  
  69  5:20  Orbital Command  
  69  5:27  Marine x2, SCV x2  
  73  5:29  Medivac  
  73  5:30  Marine x2  
  77  5:35  Medivac  
  77  5:37  Marine  
  77  5:39  Factory Reactor  
  77  5:42  Barracks, SCV  
  77  5:43  Barracks  
  77  5:50  Marine, SCV  
  77  5:51  Marine x2  
  77  5:52  SCV, Supply Depot  
  77  5:54  SCV  
  77  5:55  Marine x2  
  83  5:59  Supply Depot, Combat Shields  
  83  6:02  SCV  
  84  6:04  SCV  
  84  6:08  Supply Depot  
  85  6:13  Marine x3, SCV, Medivac x2  
  85  6:18  Supply Depot  
  93  6:20  Widow Mine x2  
  93  6:21  SCV x2  
  93  6:24  Supply Depot  
  99  6:25  SCV  
  99  6:30  Armory  
  99  6:31  Barracks Reactor x2, Marine  
  99  6:32  Marine  
  102  6:34  SCV  
  102  6:36  SCV  
  102  6:40  Marine  
  102  6:46  SCV  
  102  6:49  Marine  
  102  6:54  Marine x3, SCV x2  
  103  6:55  Widow Mine x2  
  103  6:58  Marine  
  103  7:01  Medivac x2  
  115  7:06  Marine, Supply Depot  
  116  7:11  Marine x3  
  116  7:12  Marine  
  116  7:15  Marine  
  121  7:16  Marine  
  121  7:20  Marine  
  121  7:21  Terran Infantry Weapons Level 2, Terran Infantry Armor Level 2  
  121  7:22  Marine  
  123  7:24  Marine  
  123  7:29  Marine x3  
  128  7:30  Marine  
  128  7:31  Widow Mine x2  
  128  7:33  Marine  
  132  7:39  Marine  
  132  7:42  SCV x2  
  128  7:44  Supply Depot  
  128  7:49  Barracks x2, SCV  
  128  7:51  Barracks  
  129  7:52  Marine, Supply Depot x2  
  129  7:53  Marine  
  129  7:54  Marauder  
  129  7:55  Liberator x2  
  133  8:05  Supply Depot, Widow Mine x2  
  133  8:06  Marine x4  
  133  8:11  Marine, SCV  
  133  8:12  Marine x3  
  127  8:25  Marine x4  
  127  8:26  Marine  
  125  8:28  SCV x2  
  125  8:29  Command Center  
  127  8:34  Widow Mine x2  
  127  8:36  Marine x3  
  127  8:37  Barracks Tech Lab  
  127  8:38  Barracks Tech Lab, Barracks Reactor  
  134  8:41  Marine  
  134  8:42  Refinery  
  134  8:44  Marauder  
  134  8:46  Marine x2  
  139  8:55  Medivac x2  
  141  8:58  Marine x3, Marauder  
  141  9:01  Marine x2  
  150  9:02  Marine  
  150  9:03  Marine  
  150  9:04  Marine x2, Unknown x3  
  150  9:05  Marauder  
  156  9:15  Marine  
  156  9:16  Marine x2  
  149  9:18  Marine  
  149  9:19  Marine x3  
  149  9:20  Marine x2  
  149  9:22  Marine  
  147  9:25  Marine  
  147  9:27  Marauder  
  147  9:28  Marine  
  147  9:29  Medivac  
  147  9:30  Medivac  
  147  9:33  Marine x2  
  147  9:34  Marine  
  147  9:36  Marine  
  147  9:37  Marine x3  
  147  9:38  Marine x2  
  152  9:42  Terran Infantry Weapons Level 3  
  152  9:43  Terran Infantry Armor Level 3  
  151  9:46  Marine  
  151  9:47  Marine x3, Refinery, Missile Turret  
  151  9:51  Marine  
  156  9:53  Marine x2  
  156  9:54  Marine  
  156  9:55  Marine x2, Marauder  
  156  9:56  Marine x2  
  165  10:04  Marine x2  
  165  10:05  Marine x2  
  166  10:07  Medivac x2  
  166  10:09  Marine, Starport  
  166  10:10  Marine  
  166  10:11  Marine, Terran Ship Weapons Level 1  
  169  10:21  Planetary Fortress  
  169  10:24  Marine  
  169  10:25  Marine x6, Widow Mine  
  169  10:26  Widow Mine  
  180  10:34  Liberator, Missile Turret  
  180  10:36  Missile Turret  
  180  10:37  Supply Depot  
  180  10:38  Supply Depot  
  180  10:44  Marine  
  180  10:48  Marine  
  180  10:49  Starport Reactor  
  180  10:50  Marine x2  
  180  10:53  SCV x3  
  176  10:59  Liberator  
  176  11:02  Marine x2  
  170  11:11  Command Center  
  170  11:13  Liberator x2  
  171  11:20  SCV x3  
  171  11:24  Supply Depot  
  171  11:25  Supply Depot  
  172  11:26  Marine x7  
  172  11:31  Widow Mine x2  
  189  11:38  SCV x3, Liberator  
  189  11:39  Marine x2  
  184  11:42  Liberator  
  183  11:48  Marine x2  
  183  11:51  Sensor Tower  
  191  12:02  Widow Mine x2  
  191  12:03  Marine  
  191  12:05  Liberator  
  196  12:09  Marine x2  
  196  12:10  Liberator  
  196  12:12  Terran Ship Weapons Level 2  
  189  12:20  Marine x3  
  190  12:24  Planetary Fortress  
  190  12:29  Marine  
  195  12:39  Marine x2  
  195  12:42  Marine  
  197  12:46  Medivac  
  197  12:47  Sensor Tower  
  197  12:48  Missile Turret  
  199  12:53  Command Center  
  199  12:57  Hi-Sec Auto Tracking  
  199  12:58  Marine  
  199  13:06  Marine  
  200  13:23  Missile Turret  
  200  13:25  Missile Turret  
  200  13:26  Missile Turret  
  200  13:28  Supply Depot  
  200  13:30  Liberator x2  
  197  13:42  Marine x4  
  197  13:43  Marauder  
  197  13:45  Marine x6, Marauder  
  197  13:46  Marauder  
  192  14:00  Marine x4  
  170  14:03  Marine  
  170  14:07  Marine x3  
  170  14:08  Marine x2  
  170  14:09  Marine  
  165  14:11  Medivac  
  165  14:12  Medivac  
  165  14:13  Marine x2  
  171  14:18  Marine x3  
  171  14:19  Marine  
  171  14:21  Marine, Widow Mine x2  
  177  14:29  Marine x2, Marauder  
  174  14:33  Medivac x2  
  178  14:41  Medivac  
  178  14:44  Marine, Marauder  
  183  14:50  Widow Mine  
  185  14:53  Marine x2, Marauder  
  185  14:54  Marine  
  174  15:04  Marine  
  174  15:05  Planetary Fortress  
  174  15:06  Unknown, Widow Mine  
  162  15:07  Marine x3, Unknown x3  
  161  15:16  Marine  
  161  15:17  Marine x2  
  161  15:18  Marine  
  161  15:19  Marauder  
  161  15:20  Widow Mine  
  169  15:22  Marine  
  169  15:23  Marauder  
  169  15:24  Marine  
  169  15:25  Marine x2, Marauder  
  169  15:26  Marine  
  178  15:32  Missile Turret x2  
  178  15:34  Widow Mine  
  180  15:36  Marine x2, Missile Turret  
  181  15:46  Building Armor  
  181  15:48  Marine  
  182  15:50  Medivac x2  
  182  15:56  Marine x2, Marauder  
  189  15:58  Marine  
  189  15:59  Marauder  
  189  16:01  Widow Mine  
  189  16:03  Widow Mine  
  189  16:04  Marine, Marauder  
  198  16:07  Liberator  
  198  16:08  Liberator  
  198  16:15  Missile Turret  
  198  16:16  Missile Turret  
  189  16:21  Liberator x2  
  195  16:26  Marine x2  
  195  16:27  Marauder  
  193  16:36  Marine  
  193  16:37  Marauder  
  157  16:43  Marine x2  
  157  16:44  Marauder, Marine, Widow Mine  
  151  16:48  Marauder  
  151  16:50  Liberator  
  153  16:55  Refinery, Ghost Academy  
  153  16:57  Refinery  
  153  16:58  Marine x2, Marauder  
  157  17:02  Marine  
  157  17:03  Marine  
  157  17:05  Marauder  
  164  17:08  Marine  
  164  17:09  Marauder  
  164  17:14  Marine  
  164  17:15  Marine  
  168  17:20  Marauder  
  171  17:26  Marine, Marauder  
  165  17:31  Marauder  
  165  17:35  Supply Depot  
  167  17:39  Marine x5  
  167  17:41  Marauder  
  167  17:43  Widow Mine x2  
  173  17:48  Marauder  
  173  17:49  Marine  
  172  17:51  Marine  
  172  17:52  Marauder  
  172  17:54  Marine  
  172  17:56  Refinery  
Tags
 
Add a new tag
Caveats
  • Supply blocks, unpowered buildings, or Contaminate may cause inaccurate times.
  • Supply counts are checked every 10 seconds.